 Dungeon Crawl Stone Soup version 0.27.1-34-g3ba077fa99 (webtiles) character file.

Game seed: 4569771061034170549

14544 ticklebelly the Cleaver (level 11, -17/105 HPs)
             Began as a Minotaur Berserker on Jan 4, 2022.
             Was an Elder of Trog.
             Demolished by a dire elephant simulacrum (18 damage)
             ... in an ice cave.
             The game lasted 00:35:05 (13347 turns).

ticklebelly the Cleaver (Minotaur Berserker)       Turns: 13347, Time: 00:35:06

Health: -17/105    AC: 19    Str: 25    XL:     11   Next: 90%
Magic:  10/10      EV: 14    Int:  4    God:    Trog [****..]
Gold:   709        SH:  0    Dex: 10    Spells: 10/10 levels left

rFire    x . .     SeeInvis .   F - +4 battleaxe (vamp)
rCold    + . .     Faith    .   (shield currently unavailable)
rNeg     . . .     Spirit   .   A - +1 plate armour
rPois    .         Reflect  .   (helmet restricted)
rElec    .         Harm     .   (no cloak)
rCorr    .         Rampage  .   E - +0 pair of gloves
Will     .....                  M - +0 pair of boots
Stlth    ..........             (no amulet)
HPRegen  0.27/turn              c - +4 ring of evasion
MPRegen  0.12/turn              s - ring of ice

@: no status effects
A: horns 2, retaliatory headbutt
a: Renounce Religion, Berserk, Trog's Hand, Brothers in Arms


You were in an ice cave.
You worshipped Trog.
Trog was greatly pleased with you.
You visited 1 branch of the dungeon, and saw 11 of its levels.
You also visited: Ice Cave.

You collected 709 gold pieces.

Inventory:

Hand Weapons
 d - a +2 battleaxe
 F - a +4 vampiric battleaxe (weapon)
 G - a +2 flail of flaming
Missiles
 L - 4 throwing nets (quivered)
Armour
 h - a +0 pair of boots
 A - a +1 plate armour (worn)
 E - a +0 pair of gloves (worn)
 M - a +0 pair of boots (worn)
Jewellery
 c - a +4 ring of evasion (left hand)
 n - a ring of flight
 s - a ring of ice (right hand)
 u - a ring of positive energy
 I - an amulet of reflection
Wands
 e - a wand of polymorph (21)
 j - a wand of flame (43)
 y - a wand of digging (14)
 B - a wand of mindburst (15)
 J - a wand of charming (7)
 K - a wand of iceblast (16)
Scrolls
 a - 2 scrolls of enchant armour
 q - a scroll of magic mapping
 r - a scroll of fear
 t - 2 scrolls of teleportation
 v - a scroll of fog
 w - 6 scrolls of identify
 D - a scroll of enchant weapon
 H - a scroll of brand weapon
Potions
 b - 2 potions of degeneration {unknown}
 f - 2 potions of brilliance {unknown}
 g - a potion of berserk rage {unknown}
 i - a potion of might {unknown}
 k - a potion of cancellation {unknown}
 l - 5 potions of flight {unknown}
 m - 2 potions of resistance {unknown}
 o - 3 potions of magic {unknown}
 p - 4 potions of curing
 x - 4 potions of lignification
 z - a potion of ambrosia {unknown}
 C - 2 potions of haste


   Skills:
 + Level 12.3 Fighting
 + Level 12.3 Axes
 - Level 11.3 Armour
 - Level 10.5 Dodging


You had 10 spell levels left.
You didn't know any spells.
Your spell library was empty.

Dungeon Overview and Level Annotations

Branches:
Dungeon (11/15)            Temple (0/1) D:6            Lair (0/6) D:8
    Orc (0/2) D:11          IceCv (1/1)

Altars:
Cheibriados
Ru
Sif Muna
Uskayaw

Shops:
D:6 *


Innate Abilities, Weirdness & Mutations

You have a pair of horns on your head.
You reflexively headbutt those who attack you in melee.


Message History

The dire elephant simulacrum tramples you but does no damage.
The dire elephant simulacrum barely misses you.
You slash the ice devil!
The ice devil is heavily wounded.
You hit the dire elephant simulacrum but do no damage.
The ice devil barely misses you.
The ice devil hits you but does no damage.
You barely miss the ice devil.
The ice devil is heavily wounded.
You hit the dire elephant simulacrum but do no damage.
The dire elephant simulacrum tramples you but does no damage.
The dire elephant simulacrum trunk-slaps you but does no damage.
The ice devil hits you. The ice devil freezes you! You resist.
You barely miss the ice devil.
The ice devil is heavily wounded.
You slash the dire elephant simulacrum!
The dire elephant simulacrum tramples you!!
The dire elephant simulacrum freezes you!!
You resist.
The dire elephant simulacrum trunk-slaps you.
The dire elephant simulacrum freezes you!
You resist.
* * * LOW HITPOINT WARNING * * *
The ice devil hits you but does no damage.
You fail to use your ability.
The dire elephant simulacrum tramples you!
* * * LOW HITPOINT WARNING * * *
The dire elephant simulacrum freezes you!
You resist.
* * * LOW HITPOINT WARNING * * *
The dire elephant simulacrum closely misses you.
The ice devil barely misses you.
You fail to use your ability.
The ice devil hits you but does no damage.
The dire elephant simulacrum tramples you but does no damage.
The dire elephant simulacrum trunk-slaps you.
* * * LOW HITPOINT WARNING * * *
The dire elephant simulacrum freezes you!!
You resist.
You die...

..Z.Z ##....#
..... ##..#..##
...... #.Z.###.##
......###..####..#
#.....#..##[.#..##
#......##)..##..#
###....##....#..##
#...###..Z.##..#
#...# #@4..#..#
#.○.# ##.#.##..#
§...# #..###...#
.°#..# #...##..##
○°##.## #.......#
#..#...## ##°.
#..#..## #...#
##..#### #.☼.○
#..##


You could see an ice devil and a dire elephant simulacrum.

Vanquished Creatures
  A hydra (D:11)
  A two-headed ogre (D:10)
  An orb spider (shapeshifter) (D:9)
  2 cyclopes (D:11)
  Maurice (D:10)
  2 ice statues (IceCv)
  A gargoyle (D:10)
  2 kobold demonologists (D:10)
  An ice devil (IceCv)
  An anaconda simulacrum (IceCv)
  2 trolls
  4 shadows
  A wyvern (D:9)
  Sigmund (D:5)
  A dire elephant simulacrum (IceCv)
  14 yaks
  Edmund (D:6)
  Menkaure (D:6)
  A harpy simulacrum (IceCv)
  An acid dragon (D:9)
  A water moccasin (D:5)
  3 orc warriors
  2 sky beasts
  An ice beast (D:6)
  An ogre (D:7)
  8 centaurs
  A kobold brigand (D:10)
  Blork the orc (D:6)
  5 bullfrogs
  A scorpion (D:4)
  2 two-headed ogre simulacra (IceCv)
  A wyvern skeleton (D:7)
  4 killer bees (D:8)
  7 wights
  A howler monkey (D:7)
  6 centaur zombies
  6 orc priests
  2 bullfrog skeletons
  4 hounds
  An iron imp (D:10)
  7 iguanas
  A scorpion zombie (D:5)
  10 orc wizards
  2 spriggan simulacra (IceCv)
  3 troll simulacra (IceCv)
  3 polar bear simulacra (IceCv)
  2 killer bee zombies
  2 howler monkey zombies (D:8)
  Robin (D:2)
  8 adders
  A naga simulacrum (IceCv)
  A shadow imp (D:8)
  4 white imps (D:11)
  An ufetubus (IceCv)
  An adder zombie (D:5)
  An adder skeleton (D:4)
  5 worms
  3 dart slugs
  30 orcs
  11 endoplasms
  6 giant cockroaches
  13 goblins
  10 hobgoblins
  7 jackals
  5 quokkas
  4 ball pythons
  6 bats
  7 frilled lizards
  11 kobolds
  4 rats
268 creatures vanquished.

Vanquished Creatures (collateral kills)
  Harold (D:10)
  An ice devil (IceCv)
  A troll (D:11)
  A hornet (D:9)
  A two-headed ogre simulacrum (IceCv)
  2 wolf simulacra (IceCv)
  8 white imps (D:11)
15 creatures vanquished.

Vanquished Creatures (others)
  4 fungi (D:8)
  A plant (D:8)
5 creatures vanquished.

Grand Total: 288 creatures vanquished

Notes
Turn   | Place    | Note
-------+----------+-------------------------------------------
     0 | D:1      | ticklebelly the Minotaur Berserker began the quest for the
                  | Orb.
     0 | D:1      | Reached XP level 1. HP: 19/19 MP: 0/0
   337 | D:1      | Reached XP level 2. HP: 26/27 MP: 1/1
   548 | D:1      | Found a faded altar of an unknown god.
   870 | D:2      | Reached XP level 3. HP: 33/33 MP: 2/2
   929 | D:2      | Noticed Robin
   933 | D:2      | Reached ** piety under Trog
   937 | D:2      | Killed Robin
  1228 | D:2      | Reached XP level 4. HP: 41/41 MP: 3/3
  1727 | D:3      | Noticed a sky beast
  1728 | D:3      | Reached *** piety under Trog
  1744 | D:2      | Killed a sky beast
  1745 | D:2      | Reached skill level 5 in Fighting
  1745 | D:2      | Reached skill level 5 in Axes
  1745 | D:2      | Reached XP level 5. HP: 18/48 MP: 4/4
  2876 | D:4      | Reached XP level 6. HP: 30/57 MP: 5/5
  3441 | D:5      | Entered Level 5 of the Dungeon
  3771 | D:5      | Noticed a water moccasin
  3801 | D:5      | Killed a water moccasin
  3802 | D:5      | Reached XP level 7. HP: 31/64 MP: 6/6
  4214 | D:5      | Reached **** piety under Trog
  4825 | D:5      | Noticed Sigmund
  4831 | D:5      | Killed Sigmund
  4832 | D:5      | Reached skill level 5 in Armour
  4992 | D:5      | Reached XP level 8. HP: 67/73 MP: 7/7
  5439 | D:6      | Found a hide-covered altar of Uskayaw.
  5503 | D:6      | Found Vaof's Overcharged Wands.
  5659 | D:6      | Noticed Menkaure
  5669 | D:6      | Killed Menkaure
  5670 | D:6      | Reached skill level 5 in Dodging
  5904 | D:6      | Noticed Blork the orc
  5917 | D:6      | Killed Blork the orc
  6011 | D:6      | Noticed Edmund
  6028 | D:6      | Killed Edmund
  6224 | D:6      | Found a staircase to the Ecumenical Temple.
  6618 | D:7      | Found a sacrificial altar of Ru.
  6632 | D:7      | Reached XP level 9. HP: 82/82 MP: 8/8
  7478 | D:8      | Noticed a troll
  7485 | D:8      | Killed a troll
  7556 | D:8      | Found a staircase to the Lair.
  9150 | D:9      | Reached XP level 10. HP: 93/93 MP: 9/9
  9203 | D:9      | Reached skill level 10 in Axes
  9204 | D:9      | Reached skill level 10 in Fighting
  9207 | D:9      | Noticed an orb spider
  9218 | D:9      | Killed an orb spider
  9869 | D:10     | Entered Level 10 of the Dungeon
 10050 | D:10     | Reached skill level 10 in Armour
 10095 | D:10     | Noticed Maurice
 10105 | D:10     | Killed Maurice
 10106 | D:10     | Reached XP level 11. HP: 102/102 MP: 10/10
 10304 | D:10     | Noticed a two-headed ogre
 10313 | D:10     | Killed a two-headed ogre
 10457 | D:10     | Noticed Harold
 10467 | D:10     | Killed Harold
 10856 | D:10     | Found a snail-covered altar of Cheibriados.
 11258 | D:10     | Found a shimmering blue altar of Sif Muna.
 11471 | D:11     | Reached skill level 10 in Dodging
 11562 | D:11     | Noticed a six-headed hydra
 11574 | D:11     | Killed a six-headed hydra
 11780 | D:11     | Found a frozen archway.
 11798 | IceCv    | Entered an ice cave
 13346 | IceCv    | HP: 5/105 [dire elephant simulacrum (15)]
 13347 | IceCv    | HP: 1/105 [dire elephant simulacrum (4)]
 13347 | IceCv    | Demolished by a dire elephant simulacrum

Illustrated notes

Levels and vault maps discovered:
D:1:      minmay_arrival_shattered_statue, layout_basic,
          ebering_ecumenical_altar_hall
D:2:      layout_loops_ring, kennysheep_generic_room_15, uniq_robin
D:3:      cheibrodos_helix_gallery, layout_loops_ring
D:4:      layout_cave_pools, minmay_misc_feat_room
D:5:      layout_basic, serial_co_window_serial, co_window_paths_b,
          co_window_corner_a, co_window_corner_a, co_window_corner_a,
          co_window_paths_b, co_window_paths_a, co_window_cross_3,
          co_window_corner_b, co_window_paths_c, co_window_broadway_b,
          co_window_corner_b, co_window_of_opportunity_c, co_window_broadway_c,
          co_window_paths_d, glass_columns_a, glass_columns_a, glass_columns_c,
          glass_columns_b, uniq_sigmund
D:6:      layout_loops_ring, lemuel_crystal_altar, minmay_temple_entry_hall,
          palyth_stone_intersect, nicolae_shop_overcharged_wands,
          uniq_blork_the_orc, uniq_edmund, uniq_menkaure
D:7:      layout_basic, nicolae_ru_great_annihilating_truth, minmay_fountain_box
D:8:      layout_gridville, dpeg_oklobed_lair, kennysheep_generic_room_6
D:9:      layout_irregular_city, minmay_bent
D:10:     minmay_inner_zag, layout_small_grid, lemuel_round_altar, slow_altar_2,
          uniq_maurice, uniq_harold
D:11:     layout_irregular_city, erik_orc_1, portal_ice_cave_entry_imps,
          lemuel_old_faithful
IceCv:    ice_cave_small_demon

Skill      XL: |  1  2  3  4  5  6  7  8  9 10 11 |
---------------+----------------------------------+-----
Axes           | 4 5 6 7 8 9 11 12 | 12.3
Fighting       | 4 5 6 7 8 9 11 12 | 12.3
Armour         | 3 4 5 6 8 10 11 | 11.3
Dodging        | 3 4 6 7 9 10 | 10.5

Action                   |  1- 3 |  4- 6 |  7- 9 | 10-12 || total
-------------------------+-------+-------+-------+-------++-------
Melee: Hand axe          |    85 |   166 |   103 |       ||   354
       Headbutt          |    14 |    33 |    44 |    60 ||   151
       Battleaxe         |       |       |   149 |   214 ||   363
       Flail             |       |       |       |     8 ||     8
Invok: Trog's Hand       |       |       |     4 |     6 ||    10
       Berserk           |       |       |     2 |     2 ||     4
       Brothers in Arms  |       |       |     1 |     3 ||     4
  Use: Scroll            |       |       |    17 |     1 ||    18
 Stab: Paralysed         |       |       |     1 |       ||     1
Armor: Animal skin       |     2 |       |       |       ||     2
       Ring mail         |    10 |     3 |       |       ||    13
       Scale mail        |       |    52 |    11 |       ||    63
       Plate armour      |       |       |   103 |   144 ||   247
Dodge: Dodged            |    55 |    89 |   210 |   150 ||   504
